 Dungeon Crawl Stone Soup version 0.24.0-123-gd5b16e6ec5 (webtiles) character file.

Game seed: 18147899305314770831, levelgen mode: deterministic

109 AuftragZ the Chopper (level 4, -10/40 HPs)
             Began as a Draconian Berserker on Jan 18, 2020.
             Was a Believer of Trog.
             Mangled by an ogre
             ... wielding a +0 giant spiked club
              (27 damage)
             ... on level 4 of the Dungeon.
             The game lasted 00:17:22 (1614 turns).

AuftragZ the Chopper (Draconian Berserker)          Turns: 1614, Time: 00:17:23

Health: -10/40     AC:  5    Str: 21    XL:     4   Next: 59%
Magic:  4/4        EV: 13    Int:  7    God:    Trog [**....]
Gold:   127        SH:  0    Dex: 10    Spells: 3/3 levels left

rFire    . . .     SeeInvis +   a - +0 hand axe
rCold    . . .     Gourm    .   (no shield)
rNeg     . . .     Faith    .   (armour unavailable)
rPois    .         Spirit   .   (helmet restricted)
rElec    .         Reflect  .   (no cloak)
rCorr    .         Harm     .   (no gloves)
MR       .....                  (no boots)
Stlth    ++........             (no amulet)
HPRegen  0.13/turn              f - ring of stealth
MPRegen  0.09/turn              i - ring of see invisible

@: no status effects
A: unfitting armour, cold-blooded, AC +5
a: Berserk, Trog's Hand, Renounce Religion


You were on level 4 of the Dungeon.
You worshipped Trog.
Trog was pleased with you.
You were not hungry.

You visited 1 branch of the dungeon, and saw 4 of its levels.

You collected 127 gold pieces.

Inventory:

Hand Weapons
 a - a +0 hand axe (weapon)
 g - a +0 hunting sling
 h - a +0 hand axe
 j - a +0 hand axe
Missiles
 d - 60 stones (quivered)
 e - 60 arrows
Jewellery
 c - a +6 ring of evasion
 f - a ring of stealth (left hand)
 i - a ring of see invisible (right hand)
Wands
 l - a wand of flame (1)
Potions
 k - a potion of curing
Comestibles
 b - 2 rations


   Skills:
 + Level 4.1 Fighting
 + Level 4.2 Axes
 + Level 3.4 Dodging
 + Level 0.3 Stealth


You had 3 spell levels left.
You didn't know any spells.
Your spell library was empty.

Dungeon Overview and Level Annotations

Branches:
Dungeon (4/15)             Temple (0/1) D:4

Altars:
Makhleb
Vehumet


Innate Abilities, Weirdness & Mutations

Your plain brown scales are hard. (AC +5)
You cannot fit into any form of body armour.
You are cold-blooded and may be slowed by cold attacks.


Message History

You hit the plant but do no damage.
The plant is heavily damaged.
You hit the ogre.
The ogre hits you with a +0 giant spiked club!
You hit the plant but do no damage.
The plant is heavily damaged.
You hit the ogre but do no damage. You hit the plant. You tail-slap the plant.
The plant is severely damaged.
You hit the ogre. The ogre misses you.
You hit the plant but do no damage.
The plant is severely damaged.
You barely miss the ogre.
The ogre hits you with a +0 giant spiked club!
You hit the plant.
The plant is severely damaged.
You hit the ogre.
The ogre hits you with a +0 giant spiked club!!
Ouch! That really hurt!
You die...

*### ******** ###PP#* ****
*,,,,,,* #..≈≈≈# ******,,,
*,,,,,,*######.≈♣*.#***,,,,,,**
*,,,,,,*#.....@P♣≈≈#,,,,******
*,,,,,,*#......O...#.#***
*,,,,,.*#....<.......#*********
*,,,,,..#####.#####...,,,,,,,,*
*,,<,,...##...# **.#*******,*
*,,,,,,#....### *#.# *,*
*,,,,,.###...#####*..* *,,
*,,,,,.....#.....##.** *,,
*******##....§.#....# *,,


You could see an ogre.

Vanquished Creatures
  A crimson imp (D:4)
  2 adders
  A dart slug (D:1)
  3 leopard geckos
  2 giant cockroaches
  4 hobgoblins
  12 jackals
  2 quokkas (D:2)
  4 bats
  3 frilled lizards
  4 goblins
  5 kobolds
  4 rats
47 creatures vanquished.

Notes
Turn   | Place    | Note
-------+----------+-------------------------------------------
     0 | D:1      | AuftragZ the Draconian Berserker began the quest for the
                  | Orb.
     0 | D:1      | Reached XP level 1. HP: 19/19 MP: 1/1
   178 | D:1      | Reached XP level 2. HP: 24/26 MP: 2/2
   342 | D:1      | Reached ** piety under Trog
   603 | D:2      | Reached XP level 3. HP: 29/33 MP: 3/3
  1262 | D:4      | Found a burning altar of Makhleb.
  1262 | D:4      | Found a radiant altar of Vehumet.
  1278 | D:4      | Reached XP level 4. HP: 38/40 MP: 4/4
  1602 | D:4      | Noticed an ogre
  1614 | D:4      | Mangled by an ogre

Levels and vault maps discovered:
D:1:      denvon_arrival_waterhouse, layout_rooms
D:2:      layout_basic, first_ration, kennysheep_generic_room_5
D:3:      layout_rooms, hex_medium, chequers_big_river, minivault_26,
          nicolae_underground_beach
D:4:      layout_rooms, grunt_temple_overflow_lords_of_destruction,
          minmay_temple_entry_arrows, minmay_misc_feat_iff,
          chequers_serial_rivers_room_b, serial_bayou_pond_d,
          nicolae_dithmenos_through_a_glass_darkly

Skill      XL: |  1  2  3 |
---------------+----------+-----
Dodging        | 3 |  3.4
Fighting       | 4 |  4.1
Axes           | 4 |  4.2
Stealth        | |  0.3

Action                   |  1- 3 |  4- 6 || total
-------------------------+-------+-------++-------
Melee: Hand axe          |   120 |    31 ||   151
       Tailslap          |    12 |     8 ||    20
       Hunting sling     |     1 |       ||     1
  Use: Potion            |     6 |       ||     6
       Scroll            |     3 |     1 ||     4
  Eat: Chunk             |     1 |       ||     1
       Ration            |       |     1 ||     1
Armor: Skin              |    32 |     6 ||    38
Dodge: Dodged            |   127 |    21 ||   148
